 Dungeon Crawl Stone Soup version 0.24.0-123-gd5b16e6ec5 (webtiles) character file.

Game seed: 985915232354647976, levelgen mode: deterministic

2132 FishyPogo the Magician (level 9, -4/69 HPs)
             Began as a Gnoll Skald on Dec 22, 2019.
             Was a Priest of Vehumet.
             Slain by a wyvern skeleton (8 damage)
             ... on level 7 of the Dungeon on Dec 23, 2019.
             The game lasted 00:23:23 (6262 turns).

FishyPogo the Magician (Gnoll Skald)                Turns: 6262, Time: 00:23:24

Health: -4/69      AC:  8    Str: 15    XL:     9   Next: 30%
Magic:  10/18      EV: 16    Int: 16    God:    Vehumet [***...]
Gold:   230        SH:  0    Dex: 16    Spells: 6/21 levels left

rFire    . . .     SeeInvis .   b - +0 dagger (venom)
rCold    . . .     Gourm    .   (no shield)
rNeg     . . .     Faith    .   m - +2 animal skin
rPois    .         Spirit   .   n - +2 helmet
rElec    .         Reflect  .   (no cloak)
rCorr    .         Harm     .   v - +0 pair of gloves
MR       .....                  (no boots)
Stlth    ++++......             (no amulet)
HPRegen  0.21/turn              k - ring of stealth
MPRegen  0.16/turn              (no ring)

@: singing
A: distributed training, fangs 1, strong nose
a: Renounce Religion


You were on level 7 of the Dungeon.
You worshipped Vehumet.
Vehumet was most pleased with you.
You were hungry.

You visited 1 branch of the dungeon, and saw 7 of its levels.
You also visited: Sewer.

You collected 230 gold pieces.

Inventory:

Hand Weapons
 a - a +0 short sword
 b - a +0 dagger of venom (weapon)
 l - a +1 mace of holy wrath
Missiles
 g - 211 stones (quivered)
 y - 20 poisoned darts
 B - a throwing net
Armour
 m - a +2 animal skin (worn)
 n - a +2 helmet (worn)
 v - a +0 pair of gloves (worn)
Jewellery
 k - a ring of stealth (left hand)
Wands
 f - a wand of enslavement (8)
 x - a wand of paralysis (9)
 E - a wand of iceblast (11)
Scrolls
 h - 2 scrolls of teleportation
 i - a scroll of fear
 j - 3 scrolls of remove curse
 r - 5 scrolls of identify
 s - a scroll of immolation
 t - a scroll of fog
 z - a scroll of magic mapping {unknown}
Potions
 c - 4 potions of ambrosia {unknown}
 e - a potion of flight {unknown}
 o - a potion of magic {unknown}
 p - 5 potions of might {unknown}
 q - 4 potions of haste {unknown}
 u - a potion of lignification {unknown}
 A - 3 potions of curing {unknown}
 C - 3 potions of heal wounds {unknown}
 D - 2 potions of brilliance
Comestibles
 d - 13 rations
 w - a chunk of flesh


   Skills:
 + Level 6.2 Fighting
 + Level 6.2 Short Blades
 + Level 4.0 Long Blades
 + Level 4.0 Axes
 + Level 4.0 Maces & Flails
 + Level 4.0 Polearms
 + Level 4.0 Staves
 + Level 4.0 Slings
 + Level 4.0 Bows
 + Level 4.0 Crossbows
 + Level 4.0 Throwing
 + Level 4.8 Armour
 + Level 6.2 Dodging
 + Level 4.0 Stealth
 + Level 4.0 Shields
 + Level 4.0 Unarmed Combat
 + Level 6.5 Spellcasting
 + Level 3.3 Conjurations
 + Level 3.3 Hexes
 + Level 6.4 Charms
 + Level 3.3 Summonings
 + Level 3.3 Necromancy
 + Level 3.3 Translocations
 + Level 3.3 Transmutations
 + Level 3.3 Fire Magic
 + Level 3.3 Ice Magic
 + Level 3.3 Air Magic
 + Level 3.3 Earth Magic
 + Level 3.3 Poison Magic
 + Level 4.4 Invocations
 + Level 4.0 Evocations


You had 6 spell levels left.
You knew the following spells:

 Your Spells              Type           Power        Failure   Level  Hunger
a - Sting                 Conj/Pois      ###.         1%          1    None
b - Stone Arrow           Conj/Erth      ###...       2%          3    ##.....
h - Regeneration          Chrm/Necr      ###.......   5%          3    ##.....
n - Spectral Weapon       Hex/Chrm       ###.....     5%          3    ##.....
p - Shroud of Golubria    Chrm/Tloc      ###...       2%          2    None
u - Song of Slaying       Chrm           ####....     1%          2    None
y - Infusion              Chrm           ####         1%          1    None

Your spell library contained the following spells:

 Spells                   Type           Power        Failure   Level  Hunger
 Fulminant Prism          Conj/Hex       ###.......   9%          4    ####...


Dungeon Overview and Level Annotations

Branches:
Dungeon (7/15)             Temple (0/1) D:6           Sewer (visited)

Altars:
Ashenzari
Dithmenos
Gozag
Nemelex Xobeh
Ru
Trog
Vehumet
Wu Jian
Xom
Yredelemnul

Shops:
D:4 [


Innate Abilities, Weirdness & Mutations

Your experience applies equally to all skills.
You have very sharp teeth.
Your uncanny sense of smell can sniff out nearby items.


Message History

You bite the wyvern skeleton, but do no damage.
The wyvern skeleton is severely damaged.
Your shroud begins to fray at the edges.
The wyvern skeleton bites you.
* * * LOW HITPOINT WARNING * * *
Your shroud falls apart!
The big kobold closely misses you.
You hit the iguana.
You kill the iguana!
Vehumet accepts your kill.
You feel your power returning. The wyvern skeleton barely misses you.
The big kobold hits you.
* * * LOW HITPOINT WARNING * * *
You hit the wyvern skeleton.
The wyvern skeleton is severely damaged.
The wyvern skeleton closely misses you.
You hit the wyvern skeleton.
The wyvern skeleton is severely damaged.
The big kobold misses you. The wyvern skeleton bites you!
You die...

.##.### .###.# ####.##
..###.## ######. ##
...#.÷.# .........###
#.###.#############.....
....#...()..l..........#
......##..#######Z.....#
......#......KKK@†.#
.####.#......KK#####
.###..##....####
.......#(.?.#
.......#.(### ∆
.......K.# ......†.##
........# ∆ .........


You could see a big kobold, 4 kobolds and a wyvern skeleton.

Vanquished Creatures
  Duvessa (D:5)
  An ice beast (D:5)
  An orc warrior (D:6)
  A black bear (D:6)
  4 centaurs
  4 ogres
  A bullfrog (D:6)
  A big kobold (D:4)
  Dowan (D:5)
  A wyvern skeleton (D:6)
  2 scorpions
  A crimson imp (D:5)
  An orc priest (D:4)
  A hound (D:7)
  Ijyb (D:4)
  6 iguanas
  2 orc wizards (D:4)
  3 worker ants
  Robin (D:2)
  4 gnolls (D:5)
  A howler monkey zombie (D:7)
  15 adders
  2 shadow imps (D:5)
  4 oozes
  An adder zombie (D:6)
  2 adder skeletons (D:4)
  A worm (D:2)
  3 dart slugs
  7 leopard geckos
  7 orcs
  9 bats
  6 giant cockroaches
  21 goblins
  8 hobgoblins
  6 jackals (Sewer)
  31 kobolds
  5 quokkas
  5 ball pythons
  7 frilled lizards
  A rat (D:2)
  4 plants (Sewer)
184 creatures vanquished.

Vanquished Creatures (others)
  A plant (D:4)
  2 spectral weapons
3 creatures vanquished.

Grand Total: 187 creatures vanquished

Notes
Turn   | Place    | Note
-------+----------+-------------------------------------------
     0 | D:1      | FishyPogo the Gnoll Skald began the quest for the Orb.
     0 | D:1      | Reached XP level 1. HP: 20/20 MP: 6/6
    27 | D:1      | Found a shattered altar of Ashenzari.
   139 | D:1      | Reached XP level 2. HP: 23/26 MP: 7/7
   471 | D:1      | Learned a level 2 spell: Song of Slaying
   474 | D:1      | Learned a level 2 spell: Shroud of Golubria
   540 | D:1      | Reached XP level 3. HP: 31/31 MP: 9/9
   545 | D:1      | Learned a level 3 spell: Regeneration
   549 | D:1      | Learned a level 3 spell: Spectral Weapon
   578 | D:1      | Reached skill level 5 in Spellcasting
  1036 | D:2      | Found a radiant altar of Vehumet.
  1057 | D:2      | Noticed Robin
  1072 | D:2      | Reached skill level 1 in Invocations
  1077 | D:2      | Became a worshipper of Vehumet
  1188 | D:2      | Reached skill level 1 in Long Blades
  1188 | D:2      | Reached skill level 1 in Axes
  1188 | D:2      | Reached skill level 1 in Maces & Flails
  1188 | D:2      | Reached skill level 1 in Polearms
  1188 | D:2      | Reached skill level 1 in Staves
  1188 | D:2      | Reached skill level 1 in Slings
  1188 | D:2      | Reached skill level 1 in Bows
  1188 | D:2      | Reached skill level 1 in Crossbows
  1188 | D:2      | Reached skill level 1 in Throwing
  1188 | D:2      | Reached skill level 1 in Stealth
  1188 | D:2      | Reached skill level 1 in Shields
  1188 | D:2      | Reached skill level 1 in Unarmed Combat
  1188 | D:2      | Reached skill level 1 in Evocations
  1188 | D:2      | Reached XP level 4. HP: 31/38 MP: 6/11
  1227 | D:2      | Killed Robin
  1360 | D:2      | Reached skill level 1 in Conjurations
  1360 | D:2      | Reached skill level 1 in Hexes
  1360 | D:2      | Reached skill level 1 in Summonings
  1360 | D:2      | Reached skill level 1 in Necromancy
  1360 | D:2      | Reached skill level 1 in Translocations
  1360 | D:2      | Reached skill level 1 in Transmutations
  1360 | D:2      | Reached skill level 1 in Fire Magic
  1360 | D:2      | Reached skill level 1 in Ice Magic
  1360 | D:2      | Reached skill level 1 in Air Magic
  1360 | D:2      | Reached skill level 1 in Earth Magic
  1360 | D:2      | Reached skill level 1 in Poison Magic
  1938 | D:2      | Reached XP level 5. HP: 43/43 MP: 12/12
  2098 | D:3      | Found an opulent altar of Gozag.
  2099 | D:3      | Found a sparkling altar of Nemelex Xobeh.
  2145 | D:3      | Reached * piety under Vehumet
  2145 | D:3      | Offered knowledge of Sting by Vehumet.
  2148 | D:3      | Learned a level 1 spell: Sting
  2684 | D:4      | Reached XP level 6. HP: 47/50 MP: 2/13
  2734 | D:4      | Found a sacrificial altar of Ru.
  2769 | D:4      | Found an ornate altar of the Wu Jian Council.
  2778 | D:4      | Found a bloodstained altar of Trog.
  2788 | D:4      | Found a shadowy altar of Dithmenos.
  2898 | D:4      | Noticed Ijyb
  2905 | D:4      | Killed Ijyb
  2920 | D:4      | Reached skill level 5 in Fighting
  2920 | D:4      | Reached skill level 5 in Short Blades
  2920 | D:4      | Reached skill level 5 in Dodging
  2991 | D:4      | Found Piuwunt's Armour Shop.
  3072 | D:4      | Reached XP level 7. HP: 55/56 MP: 8/15
  3084 | D:4      | Offered knowledge of Sandblast by Vehumet.
  3089 | D:4      | Reached ** piety under Vehumet
  3480 | D:4      | Found a shimmering altar of Xom.
  3636 | D:5      | Entered Level 5 of the Dungeon
  3763 | D:5      | Noticed Duvessa
  3763 | D:5      | Noticed Dowan
  3783 | D:5      | Killed Duvessa
  3793 | D:5      | Killed Dowan
  3822 | D:5      | Reached XP level 8. HP: 44/63 MP: 14/16
  4407 | D:5      | Offered knowledge of Stone Arrow by Vehumet.
  4423 | D:5      | Learned a level 3 spell: Stone Arrow
  4737 | D:6      | Found a staircase to the Ecumenical Temple.
  4779 | D:6      | Found a glowing drain.
  4805 | Sewer    | Entered a sewer
  4980 | Sewer    | Reached *** piety under Vehumet
  5569 | D:6      | Found a basalt altar of Yredelemnul.
  5782 | D:6      | Offered knowledge of Fulminant Prism by Vehumet.
  5904 | D:6      | Reached XP level 9. HP: 69/69 MP: 18/18
  6262 | D:7      | Slain by a wyvern skeleton

Levels and vault maps discovered:
D:1:      saegor_arrival_simple_d, layout_basic, minivault_25,
          evilmike_ruin_ashenzari
D:2:      layout_basic, nicolae_overflow_crystal_walls, uniq_robin
D:3:      layout_loops_cross, grunt_temple_overflow_opulence,
          columned_hall_lemuel
D:4:      kennysheep_kobold_camp, layout_cave_pools,
          nicolae_overflow_quartered_altars, serial_shops, shop, minivault_19,
          hangedman_decor_diamond_cutter, tgw_xom, uniq_ijyb
D:5:      layout_basic, first_ration, uniq_duvessa
D:6:      layout_basic, overflow_temple_1_default, minmay_temple_entry_glass,
          gup_sewer_entry_pipe, serial_corexii_hall, chequers_hall_statues_y,
          chequers_hall_statues_wall_a
D:7:      layout_cave_pools, makhleb_heckhound_becter, serial_co_window_serial,
          co_window_paths_a, co_window_of_opportunity_a,
          co_window_of_opportunity_a, co_window_paths_a, co_window_paths_b,
          co_window_corner_a, co_window_paths_a, co_window_broadway_a,
          co_window_corner_b, co_window_unsneaky_path_d, glass_columns_a,
          glass_columns_a, grunt_ogre_cave

Skill      XL: |  1  2  3  4  5  6  7  8  9 |
---------------+----------------------------+-----
Spellcasting   | 5 6 |  6.5
Invocations    | 1 2 3 4 |  4.4
Long Blades    | 1 2 3 4 |  4.0
Axes           | 1 2 3 4 |  4.0
Maces & Flails | 1 2 3 4 |  4.0
Polearms       | 1 2 3 4 |  4.0
Staves         | 1 2 3 4 |  4.0
Slings         | 1 2 3 4 |  4.0
Bows           | 1 2 3 4 |  4.0
Crossbows      | 1 2 3 4 |  4.0
Throwing       | 1 2 3 4 |  4.0
Stealth        | 1 2 3 4 |  4.0
Shields        | 1 2 3 4 |  4.0
Unarmed Combat | 1 2 3 4 |  4.0
Evocations     | 1 2 3 4 |  4.0
Conjurations   | 1 2 3 |  3.3
Hexes          | 1 2 3 |  3.3
Summonings     | 1 2 3 |  3.3
Necromancy     | 1 2 3 |  3.3
Translocations | 1 2 3 |  3.3
Transmutations | 1 2 3 |  3.3
Fire Magic     | 1 2 3 |  3.3
Ice Magic      | 1 2 3 |  3.3
Air Magic      | 1 2 3 |  3.3
Earth Magic    | 1 2 3 |  3.3
Poison Magic   | 1 2 3 |  3.3
Armour         | 3 4 |  4.8
Fighting       | 5 6 |  6.2
Short Blades   | 5 6 |  6.2
Dodging        | 5 6 |  6.2
Charms         | 6 |  6.4

Action                   |  1- 3 |  4- 6 |  7- 9 || total
-------------------------+-------+-------+-------++-------
Melee: Short sword       |    30 |       |       ||    30
       Bite              |     7 |    14 |    55 ||    76
       Dagger            |    66 |   134 |   384 ||   584
       Punch             |       |     2 |     4 ||     6
Throw: Stone             |     2 |     2 |     2 ||     6
 Cast: Infusion          |     3 |       |     2 ||     5
       Shroud of Golubri |     2 |    12 |    21 ||    35
       Regeneration      |       |     2 |     5 ||     7
       Spectral Weapon   |       |     6 |    15 ||    21
       Song of Slaying   |       |     3 |     5 ||     8
       Sting             |       |    17 |    41 ||    58
       Stone Arrow       |       |       |     6 ||     6
  Use: Scroll            |       |       |    11 ||    11
 Stab: Sleeping          |       |     6 |    13 ||    19
       Distracted        |       |     1 |     5 ||     6
  Eat: Chunk             |     1 |     7 |    12 ||    20
Armor: Leather armour    |    21 |     1 |       ||    22
       Animal skin       |       |    26 |    58 ||    84
Dodge: Dodged            |    73 |    62 |   209 ||   344
